 Dungeon Crawl Stone Soup version 0.30.1-11-g7821555f0a (webtiles) character file.

Game seed: 12366956323344435958

18809 boopmooplesden the Basher (level 12, 0/79 HPs)
             Began as a Gargoyle Gladiator on Dec 6, 2023.
             Was a High Priest of Okawaru.
             Slain by a hellwing (4 damage)
             ... on level 12 of the Dungeon.
             The game lasted 00:23:45 (9880 turns).

boopmooplesden the Basher (Gargoyle Gladiator)      Turns: 9880, Time: 00:23:46

Health: 0/79       AC:  1    Str: 28    XL:     12   Next: 62%
Magic:  11/13      EV: 15    Int: 10    God:    Okawaru [*****.]
Gold:   1425       SH: 10    Dex: 16    Spells: 11/11 levels left

rFire   + + .        u - +3 war axe "Biobajy" {pain, rF+ Int+2 Dex+5 Stlth+}
rCold   + + .        Z - +0 kite shield {reflect}
rNeg    + . .        n - +6 scale mail {rC+}
rPois   ∞            c - +0 helmet
rElec   +            s - scarf {+Inv}
rCorr   .            (no gloves)
SInv    .            d - +2 pair of boots
Will    .....        o - amulet of regeneration
Stlth   +++          r - ring "Onuntoma" {rElec rF+ rC+ Str-2}
HPRegen 1.13/turn    l - +6 ring of strength
MPRegen 0.13/turn

%: reflection
@: heroic, corroded
A: sickness immunity, AC +8, negative energy resistance 1, electricity
resistance, torment resistance 1, petrification resistance
a: Renounce Religion, Evoke Invisibility, Heroism, Finesse, Duel


You were on level 12 of the Dungeon.
You worshipped Okawaru.
Okawaru was extremely pleased with you.
You visited 2 branches of the dungeon, and saw 13 of its levels.
You also visited: Ossuary and Bailey.

You collected 1500 gold pieces.
You spent 75 gold pieces at shops.

Inventory:

Hand Weapons
 e - a +7 dire flail of protection
 p - a +3 spectral flail
 u - the +3 war axe "Biobajy" (weapon) {pain, rF+ Int+2 Dex+5 Stlth+}
   (You found it on level 4 of the Dungeon)

   Int:       It affects your intelligence (+2).
   Dex:       It affects your dexterity (+5).
   rF:        It protects you from fire.
   Stlth:     It makes you more stealthy.
 V - the +1 dire flail "Yczim" {speed, rCorr}
   (You took it off a deep elf pyromancer on level 11 of the Dungeon)

   rCorr:     It protects you from acid and corrosion.
 X - a +4 spectral quarterstaff
Missiles
 v - a javelin
 x - a throwing net (quivered)
Armour
 b - a +0 leather armour
 c - a +0 helmet (worn)
 d - a +2 pair of boots (worn)
 k - a +0 helmet
 n - a +6 scale mail of cold resistance (worn)
 s - a scarf of invisibility (worn)
 N - a +1 plate armour
 Y - a +0 plate armour of fire resistance
 Z - a +0 kite shield of reflection (worn)
Jewellery
 i - a ring of resist corrosion
 l - a +6 ring of strength (right hand)
 o - an amulet of regeneration (around neck)
 r - the ring "Onuntoma" (left hand) {rElec rF+ rC+ Str-2}
   (You bought it in a shop on level 1 of the Dungeon)

   [ring of protection from cold]

   Str:       It affects your strength (-2).
   rF:        It protects you from fire.
   rC:        It protects you from cold.
   rElec:     It insulates you from electricity.
 w - a ring of willpower
 H - the amulet "Tusiyc" {Faith rF+ Int+2}
   (You acquired it in a bailey)

   [amulet of faith]

   It allows you to gain divine favour quickly.
   Int:       It affects your intelligence (+2).
   rF:        It protects you from fire.
 S - the amulet of Taudos {Acrobat Harm rC+ Str-3 Int+4}
   (You found it on level 9 of the Dungeon)

   [amulet of the acrobat]

   It increases your evasion while moving and waiting.
   Str:       It affects your strength (-3).
   Int:       It affects your intelligence (+4).
   rC:        It protects you from cold.
   Harm:      It increases damage dealt and taken.
 U - a ring of fire
Wands
 t - a wand of flame (40)
 y - a wand of roots (9)
 z - a wand of paralysis (22)
Scrolls
 j - 3 scrolls of blinking
 B - a scroll of amnesia
 D - 3 scrolls of poison
 E - 2 scrolls of teleportation
 L - 2 scrolls of fear
 R - 3 scrolls of identify
 T - a scroll of vulnerability
Potions
 f - 10 potions of curing
 g - 3 potions of attraction
 h - 8 potions of haste
 m - 2 potions of cancellation {unknown}
 q - 2 potions of brilliance
 A - 2 potions of heal wounds
 C - 2 potions of mutation
 F - a potion of resistance {unknown}
 G - 2 potions of lignification {unknown}
 I - 2 potions of magic
 J - 3 potions of might
 K - 3 potions of flight
 M - 2 potions of invisibility {unknown}
Miscellaneous
 W - a phantom mirror


   Skills:
 + Level 10.8(15.8) Fighting
 + Level 0.4(13.5) Axes
 + Level 14.4(19.5) Maces & Flails
 + Level 2.0(7.0) Throwing
 + Level 9.0(14.0) Armour
 + Level 6.3(11.3) Dodging
 + Level 2.4(7.4) Stealth
 + Level 0.1(5.1) Shields
 + Level 1.4 Invocations


You had 11 spell levels left.
You didn't know any spells.
Your spell library contained the following spells:

 Spells                   Type           Power      Damage    Failure   Level
 Chain Lightning          Conj/Air       0%         N/A       100%        9
 Fire Storm               Conj/Fire      0%         5d1       100%        9
 Shatter                  Erth           0%         3d5*      100%        9


Dungeon Overview and Level Annotations

Branches:
Dungeon (12/15)            Temple (1/1) D:6            Lair (0/5) D:9
Ossuary (visited)          Bailey (visited)
    Orc: D:9-12

Altars:
Ashenzari
Cheibriados
Dithmenos
Elyvilon
Fedhas
Gozag
Hepliaklqana
Kikubaaqudgha
Makhleb
Nemelex Xobeh
Okawaru
Ru
Sif Muna
Trog
Uskayaw
Vehumet
Wu Jian
Xom
Yredelemnul
Zin
The Shining One

Shops:
D:1 *   D:11 ?:(

Annotations:
D:9 4 transporters


Innate Abilities, Weirdness & Mutations

You are immune to sickness and miasma.
Your stone body is resilient. (AC +8)
You are immune to poison.
You resist negative energy. (rN+)
You are resistant to electric shocks. (rElec)
You are resistant to unholy torment.
You are immune to petrification.


Message History

You hit the chaos spawn but do no damage.
The rust devil hits you. The rust devil corrodes you!
The chaos spawn closely misses you. The hellwing hits you.
The hellwing barely misses you.
You hit the rust devil but do no damage.
The rust devil is heavily wounded.
You hit the hellwing but do no damage.
You hit the chaos spawn but do no damage.
You hit the rust devil but do no damage.
The rust devil is heavily wounded.
You hit the hellwing. You barely miss the chaos spawn.
You block the chaos spawn's attack. You block the hellwing's attack.
The hellwing hits you but does no damage.
The rust devil hits you! The rust devil corrodes you!
You barely miss the rust devil.
The rust devil is heavily wounded.
You hit the hellwing but do no damage. You closely miss the chaos spawn.
The chaos spawn barely misses you. The rust devil hits you.
The rust devil corrodes you! You block the hellwing's attack.
The hellwing hits you.
* * * LOW HITPOINT WARNING * * *
Unknown command.
Unknown command.
You closely miss the rust devil.
The rust devil is heavily wounded.
You hit the hellwing but do no damage. You closely miss the chaos spawn.
The rust devil hits you!
* * * LOW HITPOINT WARNING * * *
The rust devil corrodes you! The hellwing hits you.
* * * LOW HITPOINT WARNING * * *
The hellwing hits you!
* * * LOW HITPOINT WARNING * * *
The chaos spawn misses you.
You hit the rust devil but do no damage.
The rust devil is heavily wounded.
You closely miss the hellwing.
You hit the chaos spawn but do no damage.
You block the rust devil's attack. You block the chaos spawn's attack.
The hellwing completely misses you. The hellwing hits you.
You die...

##.# #####..# ...#
.... ...#..# ...#
...#.4###.#..# #...
....⌠.⌠......# #..#
##..._.......# #..#
../#⌠.⌠...e.<# #..#
# . #..###+#.W#
#..#.# +...
#.4####....# ##.#
#54@4......# #.
#.####.....# ..
.... ..P.⌠......
..........♣P......
#####.#####.##.....
.. . ..... #. .#
..... .# #.##


You could see a hellwing, a rust devil, a deep elf pyromancer, a chaos spawn, a
wraith and a quasit.

Vanquished Creatures
  A hydra (D:11)
  3 tengu warriors (D:11)
  5 two-headed ogres
  A hell knight (D:11)
  2 deep elf pyromancers (D:11)
  An orc knight (Bailey)
  2 manticores (D:11)
  An ugly thing (D:11)
  2 cyclopes (D:11)
  An unseen horror (D:11)
  An efreet (D:11)
  A cane toad (shapeshifter) (D:11)
  A komodo dragon (D:11)
  A tengu conjurer (D:11)
  4 trolls (D:11)
  4 meliai
  Prince Ribbit (D:9)
  Sigmund (D:2)
  A shadow (D:10)
  4 wraiths
  2 wyverns (D:9)
  7 yaks
  2 steam dragons
  Edmund (D:4)
  3 acid dragons (D:11)
  7 water moccasins
  An ice beast (D:8)
  A black bear (D:7)
  7 orc warriors
  2 sky beasts (D:7)
  2 ogres
  2 phantoms
  7 centaurs
  A kobold brigand (D:10)
  3 bullfrogs
  2 gnoll sergeants
  4 scorpions
  4 killer bees (D:7)
  8 howler monkeys
  4 hounds
  2 jellies (D:6)
  2 orc priests
  An iron imp (D:8)
  2 iguanas
  5 orc wizards
  4 sleepcaps
  13 mummies (Ossuary)
  8 adders
  22 gnolls
  A shadow imp (D:5)
  2 dart slugs
  A worm (D:5)
  39 orcs
  7 ball pythons
  14 endoplasms
  4 giant cockroaches (D:1)
  10 goblins
  7 hobgoblins
  8 jackals
  4 quokkas
  5 bats
  7 frilled lizards
  A gnoll skeleton (Ossuary)
  11 kobolds
  4 kobold skeletons (Ossuary)
  3 orc skeletons (Ossuary)
  7 rats
  11 rat skeletons (Ossuary)
313 creatures vanquished.

Vanquished Creatures (others)
  A deep elf pyromancer (D:11)
  An adder (D:6)
2 creatures vanquished.

Grand Total: 315 creatures vanquished

Notes
Turn   | Place    | Note
-------+----------+-------------------------------------------
     0 | D:1      | boopmooplesden the Gargoyle Gladiator began the quest for
                  | the Orb.
     0 | D:1      | Reached XP level 1. HP: 12/12 MP: 1/1
     1 | D:1      | Found a runed translucent door.
    18 | D:1      | Reached XP level 2. HP: 10/17 MP: 2/2
   196 | D:1      | Reached XP level 3. HP: 22/22 MP: 3/3
   443 | D:1      | Found Hiry's Assorted Antiques.
  1006 | D:2      | Reached skill level 1 in Armour
  1006 | D:2      | Reached XP level 4. HP: 27/27 MP: 4/4
  1098 | D:1      | Bought a steaming iron ring for 75 gold pieces
  1098 | D:1      | Identified the ring "Onuntoma" {rElec rF+ rC+ Str-2} (You
                  | bought it in a shop on level 1 of the Dungeon)
  1114 | D:2      | Noticed Sigmund
  1124 | D:2      | Killed Sigmund
  1125 | D:2      | Reached skill level 4 in Maces & Flails
  1125 | D:2      | Reached skill level 1 in Stealth
  1125 | D:2      | Reached XP level 5. HP: 32/32 MP: 5/5
  1125 | D:2      | Reached XP level 6. HP: 36/36 MP: 6/6
  1386 | D:2      | Reached skill level 5 in Maces & Flails
  1782 | D:3      | You fall into a shaft and drop 1 floor!
  1831 | D:4      | Noticed Edmund
  1926 | D:4      | Identified the +1 robe of Miracles {Str-4 Int+7}
  2179 | D:4      | Reached XP level 7. HP: 42/42 MP: 7/7
  2437 | D:4      | Killed Edmund
  2552 | D:4      | Identified the +3 war axe "Biobajy" {pain, rF+ Int+2 Dex+5
                  | Stlth+}
  2983 | D:5      | Entered Level 5 of the Dungeon
  2993 | D:5      | Reached skill level 6 in Maces & Flails
  3027 | D:5      | Reached XP level 8. HP: 48/48 MP: 8/8
  3650 | D:5      | Found a white marble altar of Elyvilon.
  3966 | D:6      | Reached skill level 7 in Maces & Flails
  3988 | D:6      | Found an ornate altar of the Wu Jian Council.
  4117 | D:6      | Reached skill level 5 in Fighting
  4117 | D:6      | Reached skill level 5 in Armour
  4160 | D:6      | Found a staircase to the Ecumenical Temple.
  4187 | Temple   | Entered the Ecumenical Temple
  4736 | D:7      | Found a sand-covered staircase.
  4759 | Ossuary  | Entered an ossuary
  4825 | Ossuary  | Reached XP level 9. HP: 52/54 MP: 9/9
  4888 | Ossuary  | Reached skill level 8 in Maces & Flails
  5443 | D:7      | Reached skill level 9 in Maces & Flails
  5831 | D:8      | Found a snail-covered altar of Cheibriados.
  6137 | D:8      | Found an iron altar of Okawaru.
  6147 | D:8      | Became a worshipper of Warmaster Okawaru
  6283 | D:8      | Noticed a two-headed ogre
  6294 | D:8      | Killed a two-headed ogre
  6295 | D:8      | Reached skill level 10 in Maces & Flails
  6295 | D:8      | Reached XP level 10. HP: 27/61 MP: 10/10
  6379 | D:9      | Found a transporter.
  6383 | D:9      | Found a transporter.
  6385 | D:9      | Found a transporter.
  6385 | D:9      | Found a transporter.
  6402 | D:9      | Noticed Prince Ribbit
  6403 | D:9      | Found a flagged portal.
  6424 | D:9      | Killed Prince Ribbit
  6432 | Bailey   | Entered a bailey
  6472 | Bailey   | Identified a scroll of acquirement
  6472 | Bailey   | Acquired the amulet "Tusiyc" {Faith rF+ Int+2}
  6783 | Bailey   | Reached * piety under Okawaru
  6793 | Bailey   | Reached skill level 11 in Maces & Flails
  6826 | Bailey   | Noticed an orc knight
  6835 | Bailey   | Killed an orc knight
  7053 | D:9      | Reached ** piety under Okawaru
  7102 | D:9      | Found a staircase to the Lair.
  7142 | D:9      | Reached *** piety under Okawaru
  7152 | D:9      | Reached XP level 11. HP: 61/69 MP: 11/11
  7228 | D:9      | Identified the amulet of Taudos {Acrobat Harm rC+ Str-3
                  | Int+4}
  7479 | D:9      | Found a bloodstained altar of Trog.
  7488 | D:9      | Reached skill level 12 in Maces & Flails
  7488 | D:9      | Reached skill level 5 in Dodging
  7713 | D:10     | Entered Level 10 of the Dungeon
  7843 | D:10     | Found a blossoming altar of Fedhas.
  7898 | D:10     | Found a shimmering blue altar of Sif Muna.
  7953 | D:10     | Noticed a two-headed ogre
  7964 | D:10     | Killed a two-headed ogre
  8362 | D:11     | Found a runed translucent door.
  8365 | D:11     | Noticed a manticore
  8377 | D:11     | Killed a manticore
  8413 | D:11     | Identified the +2 robe of Trumpets {Slay+5}
  8452 | D:11     | Found a runed translucent door.
  8452 | D:11     | Noticed a hell knight
  8453 | D:11     | Noticed a deep elf pyromancer
  8453 | D:11     | Noticed a two-headed ogre
  8453 | D:11     | Noticed a white ugly thing
  8453 | D:11     | Noticed a deep elf pyromancer
  8488 | D:11     | Noticed a tengu warrior
  8508 | D:11     | Killed a tengu warrior
  8508 | D:11     | Reached **** piety under Okawaru
  8518 | D:11     | Reached skill level 13 in Maces & Flails
  8586 | D:11     | Found a runed translucent door.
  8589 | D:11     | Noticed an eight-headed hydra
  8589 | D:11     | Identified the staff of death "Imevaypi" {rN+ rCorr Str+3
                  | Int-4}
  8589 | D:11     | Noticed a cyclops
  8590 | D:11     | Identified the +1 dire flail "Yczim" {speed, rCorr}
  8590 | D:11     | Noticed a deep elf pyromancer
  8591 | D:11     | Noticed a cyclops
  8604 | D:11     | Killed an eight-headed hydra
  8606 | D:11     | Killed a cyclops
  8617 | D:11     | Killed a cyclops
  8620 | D:11     | Killed a deep elf pyromancer
  8621 | D:11     | Reached skill level 1 in Invocations
  8710 | D:11     | Found a runed translucent door.
  8710 | D:11     | Noticed a tengu warrior
  8710 | D:11     | Noticed a tengu warrior
  8710 | D:11     | Noticed a manticore
  8725 | D:11     | Killed a manticore
  8730 | D:11     | Reached ***** piety under Okawaru
  8731 | D:11     | Reached XP level 12. HP: 77/77 MP: 9/12
  8745 | D:11     | Killed a tengu warrior
  8754 | D:11     | Killed a tengu warrior
  8755 | D:11     | Reached skill level 10 in Fighting
  8755 | D:11     | Reached skill level 14 in Maces & Flails
  8795 | D:11     | Killed a hell knight
  8826 | D:11     | Killed a two-headed ogre
  9144 | D:11     | Found Xiskiem's Weapon Boutique.
  9201 | D:11     | Found Ucaohe's Magic Scroll Shoppe.
  9242 | D:11     | Noticed a two-headed ogre
  9252 | D:11     | Killed a two-headed ogre
  9300 | D:11     | Found a white marble altar of Elyvilon.
  9313 | D:11     | Noticed a two-headed ogre
  9319 | D:11     | Killed a two-headed ogre
  9355 | D:11     | Found Viar's Book Shop.
  9515 | D:12     | Found a sparkling altar of Nemelex Xobeh.
  9715 | D:11     | Acquired 790 gold pieces
  9859 | D:12     | Reached ****** piety under Okawaru
  9859 | D:12     | Received a gift from Okawaru
  9879 | D:12     | HP: 3/79 [hellwing (7)]
  9880 | D:12     | Slain by a hellwing

Illustrated notes

Levels and vault maps discovered:
D:1:      dpeg_arrival_caged_fury, layout_basic, serial_shops,
          nicolae_square_shop, palyth_stone_intersect, minmay_misc_feat_chi,
          minmay_misc_feat_hallway, minmay_cupped
D:2:      layout_rooms, uniq_sigmund
D:3:      minmay_bubble_buster, layout_rooms, grunt_qazlal_sundering,
          grunt_ministairs_1, grunt_decor_clamped
D:4:      layout_basic, minmay_crossroads, uniq_edmund
D:5:      layout_layer_cave, nicolae_overflow_hidden_temple
D:6:      layout_basic, pdpol_wu_jian_five_deadly_venoms,
          minmay_temple_entry_proselytizer, grunt_ministairs_7
D:7:      layout_loops_ring, nicolae_ossuary_entry_ruins
D:8:      layout_basic, slow_altar_2, okawaru_altar_gauntlet_db
D:9:      layout_rooms, mainiacjoe_overflow_paths, due_lair_maze_entry_diamond,
          enter_bailey_3, chequers_serial_rivers_micro_b,
          nicolae_diode_intersection, uniq_prince_ribbit1
D:10:     layout_roguey, led_sif_book, lemuel_round_altar
D:11:     minmay_the_grid_four_pointed_star
          [minmay_the_grid_triangle_9x9_fully_insulated_deathbox,
          minmay_the_grid_triangle_9x9_subtriangle,
          minmay_the_grid_triangle_9x9_corruption,
          minmay_the_grid_triangle_9x9_thin_v, minmay_the_grid_prize_trominoes],
          layout_small_grid, serial_shops, shop, shop, shop, elyvilon_altar_1
D:12:     layout_basic, erik_orc_1, serial_demonic, serial_demonic_d,
          serial_demonic_e, serial_demonic_c, serial_demonic_b,
          serial_demonic_c, serial_demonic_e, serial_demonic_d,
          serial_demonic_g, serial_demonic_e, serial_demonic_e,
          nemelex_xobeh_ov_fountains_minmay, uniq_sonja
Temple:   nicolae_temple_two_arcs

Skill      XL: |  1  2  3  4  5  6  7  8  9 10 11 12 |
---------------+-------------------------------------+-----
Dodging        | 3 4 5 6 |  6.3
Armour         | 1 2 3 5 6 7 8 9 |  9.0
Maces & Flails | 4 5 6 7 10 11 13 14 | 14.4
Stealth        | 1 2 |  2.4
Fighting       | 3 4 5 6 8 9 10 | 10.8
Throwing       | 2 |  2.0
Invocations    | 1 |  1.4
Axes           | |  0.4
Shields        | |  0.1

Action                     |  1- 3 |  4- 6 |  7- 9 | 10-12 || total
---------------------------+-------+-------+-------+-------++-------
  Melee: Flail             |   126 |   203 |    25 |       ||   354
         Punch             |     1 |     4 |       |       ||     5
         Dire flail        |       |       |   313 |   532 ||   845
         War axe           |       |       |       |    23 ||    23
  Throw: Throwing net      |     1 |     2 |       |     1 ||     4
         Javelin           |       |     1 |     1 |     1 ||     3
 Invoke: Heroism           |       |       |       |     9 ||     9
    Use: Scroll            |     1 |     6 |    12 |    20 ||    39
         Potion            |       |     2 |     1 |     5 ||     8
 Armour: Leather armour    |    43 |       |       |       ||    43
         Scale mail        |    23 |   120 |   167 |   521 ||   831
  Dodge: Dodged            |    89 |   134 |   161 |   440 ||   824
  Block: Kite shield       |       |       |       |    33 ||    33
         Reflection        |       |       |       |     5 ||     5
